[ AOE2 MATCH · #505928003 ]
UnrankedShu vs Spanish
Player's team · WIN
Rival team · LOSS
[ REPLAY ANALYSIS · EXTRACTED FROM THE RECORDED GAME ]
Feudal
8:58
Castle
22:59
Imperial
—
| APM avg | 64.5 |
| APM peak | 103 |
| eAPM avg | 18.0 |
| Villagers / military | 47 / 29 |
Focus
⚔️ 33.1% · 🌾 66.9%
Skirmisher ×14 · Archer ×11 · Militia ×4
Feudal
8:26
Castle
24:14
Imperial
—
| APM avg | 96.9 |
| APM peak | 119 |
| eAPM avg | 36.4 |
| Villagers / military | 60 / 50 |
Focus
⚔️ 56.0% · 🌾 44.0%
Skirmisher ×31 · Archer ×13 · Scout Cavalry ×5 · Spearman ×1
Match map
Initial resources + every placement click. Lines = walls · curves = elevation contours. ◆ gold · ⬟ stone · ● berries · ✦ relic · ◌ wall gap
Your base· ✓ Closed at 22:59 · 48t walls · 1 gate(s)
carbine's base· Open — 4t gap
Smoothed initial terrain · ◌ = detected wall gap · hover for details
Inputs per minute
— ilovebaskets - - carbine
Build order — ilovebaskets
First 150 of 154 actions detected
| 0:01 | Create | Villager (Male) |
| 0:01 | Create | Villager (Male) |
| 0:02 | Build | House |
| 0:03 | Build | House |
| 0:05 | Create | Villager (Male) |
| 0:06 | Create | Villager (Male) |
| 1:25 | Create | Villager (Male) |
| 1:52 | Build | Lumber Camp |
| 1:59 | Create | Villager (Male) |
| 2:38 | Create | Villager (Male) |
| 2:49 | Create | Villager (Male) |
| 3:07 | Create | Villager (Male) |
| 3:34 | Create | Villager (Male) |
| 4:02 | Build | House |
| 4:06 | Create | Villager (Male) |
| 4:18 | Build | House |
| 4:24 | Create | Villager (Male) |
| 4:30 | Build | House |
| 4:54 | Create | Villager (Male) |
| 5:10 | Create | Villager (Male) |
| 5:11 | Create | Villager (Male) |
| 5:11 | Create | Villager (Male) |
| 5:39 | Build | Barracks |
| 5:55 | Research | Loom |
| 6:42 | Research | Feudal Age |
| 6:42 | Research | Feudal Age |
| 6:57 | Create | Militia |
| 6:57 | Create | Militia |
| 7:02 | Build | Mining Camp |
| 7:15 | Create | Militia |
| 7:36 | Build | House |
| 7:43 | Create | Militia |
| 8:00 | Create | Villager (Male) |
| 8:58 | Age | Feudal Age |
| 9:00 | Research | Man-at-Arms (upgrade) |
| 9:00 | Research | Man-at-Arms (upgrade) |
| 9:13 | Create | Villager (Male) |
| 9:19 | Build | Archery Range |
| 9:31 | Build | House |
| 9:34 | Build | House |
| 9:58 | Create | Villager (Male) |
| 10:03 | Create | Villager (Male) |
| 10:05 | Build | Palisade Wall |
| 10:16 | Create | Villager (Male) |
| 10:21 | Create | Skirmisher |
| 10:22 | Create | Skirmisher |
| 10:26 | Build | Palisade Wall |
| 10:32 | Create | Villager (Male) |
| 10:42 | Build | House |
| 10:50 | Create | Skirmisher |
| 11:17 | Build | House |
| 11:26 | Create | Skirmisher |
| 11:27 | Create | Villager (Male) |
| 11:36 | Build | Blacksmith |
| 11:43 | Create | Skirmisher |
| 11:44 | Create | Villager (Male) |
| 11:59 | Build | Mill |
| 12:13 | Create | Villager (Male) |
| 12:34 | Build | Farm |
| 12:42 | Build | House |
| 12:43 | Build | Palisade Wall |
| 12:48 | Build | Farm |
| 12:57 | Research | Fletching |
| 12:57 | Research | Fletching |
| 13:03 | Build | Farm |
| 13:24 | Create | Villager (Male) |
| 13:26 | Build | Farm |
| 13:35 | Build | Farm |
| 13:41 | Create | Skirmisher |
| 13:52 | Create | Villager (Male) |
| 14:03 | Build | Farm |
| 14:09 | Create | Skirmisher |
| 14:20 | Create | Villager (Male) |
| 14:24 | Create | Skirmisher |
| 14:26 | Build | House |
| 14:36 | Build | House |
| 14:37 | Build | Palisade Wall |
| 14:50 | Build | Palisade Gate |
| 14:54 | Build | Palisade Wall |
| 14:57 | Create | Villager (Male) |
| 14:58 | Create | Skirmisher |
| 15:07 | Create | Skirmisher |
| 15:08 | Create | Villager (Male) |
| 15:29 | Create | Villager (Male) |
| 15:30 | Create | Skirmisher |
| 15:36 | Build | Palisade Wall |
| 15:41 | Build | Farm |
| 15:54 | Create | Villager (Male) |
| 15:55 | Create | Skirmisher |
| 16:00 | Build | Farm |
| 16:15 | Create | Skirmisher |
| 16:16 | Create | Villager (Male) |
| 16:19 | Build | Palisade Wall |
| 16:26 | Build | Palisade Wall |
| 16:27 | Build | Palisade Wall |
| 16:32 | Create | Villager (Male) |
| 16:43 | Create | Villager (Male) |
| 16:52 | Create | Villager (Male) |
| 16:55 | Create | Skirmisher |
| 17:00 | Build | Farm |
| 17:01 | Build | Farm |
| 17:05 | Build | House |
| 17:12 | Build | Farm |
| 17:47 | Build | Farm |
| 18:24 | Create | Villager (Male) |
| 18:26 | Build | Farm |
| 18:27 | Build | Farm |
| 18:36 | Create | Villager (Male) |
| 18:39 | Build | House |
| 18:45 | Build | Palisade Wall |
| 19:08 | Build | Palisade Wall |
| 19:14 | Build | Lumber Camp |
| 19:37 | Create | Archer |
| 19:37 | Create | Archer |
| 19:54 | Create | Villager (Male) |
| 20:16 | Research | Castle Age |
| 20:16 | Research | Castle Age |
| 20:17 | Create | Archer |
| 20:50 | Build | Archery Range |
| 20:52 | Create | Archer |
| 20:54 | Research | Padded Archer Armor |
| 20:54 | Research | Padded Archer Armor |
| 21:03 | Create | Villager (Male) |
| 21:06 | Build | House |
| 21:17 | Research | Double-Bit Axe |
| 21:17 | Research | Double-Bit Axe |
| 21:32 | Research | Horse Collar |
| 21:32 | Research | Horse Collar |
| 21:34 | Create | Archer |
| 21:44 | Create | Archer |
| 22:04 | Create | Archer |
| 22:06 | Build | Farm |
| 22:08 | Build | Farm |
| 22:27 | Create | Archer |
| 22:39 | Create | Archer |
| 22:42 | Build | Farm |
| 22:45 | Build | Farm |
| 22:46 | Build | Farm |
| 22:52 | Create | Villager (Male) |
| 22:59 | Age | Castle Age |
| 23:01 | Research | Bodkin Arrow |
| 23:02 | Research | Crossbowman (upgrade) |
| 23:15 | Create | Villager (Male) |
| 23:31 | Create | Villager (Male) |
| 23:33 | Build | Siege Workshop |
| 23:33 | Create | Villager (Male) |
| 23:37 | Build | House |
| 23:57 | Create | Villager (Male) |
| 23:58 | Create | Archer |
| 23:58 | Create | Archer |
Build order — carbine
First 150 of 189 actions detected
| 0:00 | Create | Villager (Male) |
| 0:01 | Create | Villager (Male) |
| 0:02 | Build | House |
| 0:03 | Build | House |
| 0:14 | Create | Villager (Male) |
| 0:27 | Create | Villager (Male) |
| 1:20 | Build | Lumber Camp |
| 1:26 | Create | Villager (Male) |
| 1:40 | Create | Villager (Male) |
| 2:15 | Create | Villager (Male) |
| 2:51 | Create | Villager (Male) |
| 3:19 | Create | Villager (Male) |
| 3:36 | Create | Villager (Male) |
| 3:58 | Build | House |
| 3:59 | Create | Villager (Male) |
| 4:00 | Create | Villager (Male) |
| 4:14 | Create | Villager (Male) |
| 4:40 | Create | Villager (Male) |
| 4:43 | Create | Villager (Male) |
| 5:05 | Build | Mill |
| 5:15 | Create | Villager (Male) |
| 5:22 | Create | Villager (Male) |
| 5:28 | Create | Villager (Male) |
| 5:42 | Research | Loom |
| 6:16 | Research | Feudal Age |
| 7:25 | Build | Barracks |
| 7:30 | Build | Barracks |
| 8:07 | Build | House |
| 8:11 | Create | Villager (Male) |
| 8:26 | Age | Feudal Age |
| 8:29 | Build | Archery Range |
| 8:34 | Research | Double-Bit Axe |
| 8:36 | Create | Villager (Male) |
| 8:46 | Create | Spearman |
| 8:47 | Create | Villager (Male) |
| 8:58 | Build | Palisade Wall |
| 9:01 | Create | Archer |
| 9:01 | Create | Archer |
| 9:02 | Create | Villager (Male) |
| 9:08 | Build | Palisade Wall |
| 9:17 | Create | Villager (Male) |
| 9:24 | Build | House |
| 9:26 | Build | Palisade Wall |
| 9:53 | Create | Villager (Male) |
| 9:55 | Create | Villager (Male) |
| 9:57 | Build | House |
| 10:21 | Create | Villager (Male) |
| 10:31 | Create | Villager (Male) |
| 10:41 | Create | Skirmisher |
| 10:43 | Create | Skirmisher |
| 10:44 | Create | Skirmisher |
| 10:50 | Build | Palisade Wall |
| 10:52 | Build | Blacksmith |
| 10:53 | Create | Skirmisher |
| 10:59 | Build | Palisade Wall |
| 11:04 | Build | Palisade Wall |
| 11:18 | Build | House |
| 11:20 | Create | Skirmisher |
| 11:20 | Create | Skirmisher |
| 11:29 | Build | Palisade Wall |
| 11:33 | Build | Mining Camp |
| 11:40 | Research | Town Watch |
| 11:44 | Create | Skirmisher |
| 11:52 | Build | Farm |
| 11:55 | Build | Farm |
| 11:57 | Build | Farm |
| 12:07 | Create | Skirmisher |
| 12:13 | Create | Villager (Male) |
| 12:16 | Build | Farm |
| 12:19 | Create | Skirmisher |
| 12:34 | Build | House |
| 12:43 | Create | Villager (Male) |
| 12:44 | Build | Palisade Wall |
| 12:48 | Build | Farm |
| 12:51 | Create | Archer |
| 13:00 | Build | Palisade Wall |
| 13:09 | Create | Archer |
| 13:13 | Create | Villager (Male) |
| 13:17 | Build | Palisade Wall |
| 13:27 | Build | Farm |
| 13:32 | Research | Fletching |
| 13:32 | Research | Fletching |
| 13:46 | Create | Villager (Male) |
| 13:48 | Create | Archer |
| 14:04 | Create | Villager (Male) |
| 14:07 | Create | Archer |
| 14:18 | Create | Archer |
| 14:32 | Build | Lumber Camp |
| 14:36 | Create | Villager (Male) |
| 14:36 | Create | Villager (Male) |
| 14:38 | Create | Archer |
| 14:43 | Create | Archer |
| 14:52 | Build | Farm |
| 14:54 | Build | Farm |
| 15:07 | Create | Villager (Male) |
| 15:09 | Build | Farm |
| 15:28 | Create | Archer |
| 15:36 | Create | Villager (Male) |
| 15:38 | Build | Farm |
| 15:41 | Create | Archer |
| 15:49 | Create | Archer |
| 15:52 | Create | Villager (Male) |
| 15:52 | Create | Villager (Male) |
| 15:53 | Build | Farm |
| 16:12 | Create | Villager (Male) |
| 16:13 | Build | Stable |
| 16:15 | Create | Archer |
| 16:19 | Build | House |
| 16:23 | Create | Skirmisher |
| 16:23 | Create | Skirmisher |
| 16:29 | Build | Farm |
| 16:30 | Build | Farm |
| 16:37 | Build | Farm |
| 16:41 | Create | Villager (Male) |
| 16:48 | Create | Skirmisher |
| 16:56 | Build | Farm |
| 17:03 | Create | Skirmisher |
| 17:10 | Create | Scout Cavalry |
| 17:10 | Create | Scout Cavalry |
| 17:17 | Build | Farm |
| 17:22 | Create | Villager (Male) |
| 17:30 | Create | Skirmisher |
| 17:39 | Create | Skirmisher |
| 17:43 | Create | Skirmisher |
| 17:45 | Create | Scout Cavalry |
| 17:50 | Create | Skirmisher |
| 17:58 | Create | Skirmisher |
| 18:06 | Create | Villager (Male) |
| 18:09 | Create | Skirmisher |
| 18:25 | Create | Villager (Male) |
| 18:26 | Create | Scout Cavalry |
| 18:28 | Build | Archery Range |
| 18:37 | Build | Palisade Wall |
| 18:40 | Create | Villager (Male) |
| 18:43 | Build | Archery Range |
| 18:51 | Build | Farm |
| 18:57 | Create | Scout Cavalry |
| 19:02 | Create | Villager (Male) |
| 19:05 | Build | Farm |
| 19:08 | Build | Lumber Camp |
| 19:17 | Create | Skirmisher |
| 19:22 | Create | Villager (Male) |
| 19:31 | Build | House |
| 19:33 | Create | Skirmisher |
| 19:38 | Create | Villager (Male) |
| 19:46 | Create | Villager (Male) |
| 19:52 | Build | House |
| 20:00 | Create | Skirmisher |
| 20:07 | Create | Skirmisher |
| 20:08 | Create | Villager (Male) |
Match timeline
| 5:39 | ilovebaskets · first_building Barracks |
| 7:25 | carbine · first_building Barracks |
| 8:26 | carbine · age_up feudal |
| 8:29 | carbine · first_building Archery Range |
| 8:58 | ilovebaskets · age_up feudal |
| 8:58 | carbine · wall_segment Palisade Wall x4 |
| 9:08 | carbine · wall_segment Palisade Wall x1 |
| 9:19 | ilovebaskets · first_building Archery Range |
| 9:26 | carbine · wall_segment Palisade Wall x4 |
| 10:05 | ilovebaskets · wall_segment Palisade Wall x1 |
| 10:26 | ilovebaskets · wall_segment Palisade Wall x1 |
| 10:50 | carbine · wall_segment Palisade Wall x1 |
| 10:59 | carbine · wall_segment Palisade Wall x1 |
| 11:04 | carbine · wall_segment Palisade Wall x1 |
| 11:29 | carbine · wall_segment Palisade Wall x1 |
| 12:43 | ilovebaskets · wall_segment Palisade Wall x1 |
| 12:44 | carbine · wall_segment Palisade Wall x1 |
| 13:00 | carbine · wall_segment Palisade Wall x1 |
| 13:17 | carbine · wall_segment Palisade Wall x1 |
| 14:37 | ilovebaskets · wall_segment Palisade Wall x6 |
| 14:54 | ilovebaskets · wall_segment Palisade Wall x10 |
| 15:36 | ilovebaskets · wall_segment Palisade Wall x5 |
| 16:13 | carbine · first_building Stable |
| 16:19 | ilovebaskets · wall_segment Palisade Wall x10 |
| 16:26 | ilovebaskets · wall_segment Palisade Wall x8 |
| 16:27 | ilovebaskets · wall_segment Palisade Wall x3 |
| 18:37 | carbine · wall_segment Palisade Wall x1 |
| 18:45 | ilovebaskets · wall_segment Palisade Wall x3 |
| 19:08 | ilovebaskets · wall_segment Palisade Wall x1 |
| 21:16 | carbine · first_market_buy 500 food |
| 21:20 | carbine · first_market_sell 100 wood |
| 22:59 | ilovebaskets · age_up castle |
| 23:33 | ilovebaskets · first_building Siege Workshop |
| 24:14 | carbine · age_up castle |
| 24:50 | carbine · resign |
[ AI ANALYSIS · 1 CREDIT ]
What really happened in this match?
Wolo.gg analyzes every decision: build order, eco, micro, common mistakes by bracket. Personalized analysis on WhatsApp or Discord in 30 seconds.
Civ guide
Shu
Perfil
Jugador #1292487